Map: [ESL] Hecate

Players

Spatz

  • Race: Protoss Protoss
  • Spawn Location: 1:00

Bly - Winner!

  • Race: Zerg Zerg
  • Spawn Location: 7:00

Event: ESL SC2 Masters 2023 Winter (Regional)

VOD

Have the link to the VOD?

Description

Time

  • Played on: Nov. 1, 2023, 3:06 p.m.
  • Length: 12:55

All games in this series

Show
View Real Time Build Order
Export as new Build Order

Spatz Protoss 

Build Orders: 1 Gate Expand, Oracle Opening 

Get SALT Encoding   

  12  0:00  Probe  
  13  0:13  Pylon  
  13  0:17  Probe (Chrono Boost)  
  14  0:27  Probe (Chrono Boost)  
  15  0:32  Probe (Chrono Boost)  
  16  0:40  Gateway  
  16  0:44  Probe  
  16  0:49  Assimilator  
  17  0:56  Probe  
  18  1:08  Probe  
  19  1:20  Probe  
  20  1:26  Nexus  
  20  1:36  Cybernetics Core  
  20  1:39  Probe  
  21  1:45  Assimilator  
  21  1:51  Probe  
  22  1:55  Pylon  
  22  2:03  Probe (Chrono Boost)  
  23  2:13  Adept  
  25  2:17  Probe (Chrono Boost)  
  25  2:21  Stargate  
  26  2:24  Probe (Chrono Boost)  
  26  2:25  Warp Gate  
  27  2:34  Probe (Chrono Boost)  
  28  2:38  Probe (Chrono Boost)  
  30  2:47  Probe (Chrono Boost), Adept  
  30  2:48  Probe (Chrono Boost)  
  33  2:55  Probe (Chrono Boost)  
  33  2:58  Probe (Chrono Boost)  
  35  3:00  Probe (Chrono Boost)  
  35  3:04  Probe  
  35  3:05  Oracle (Chrono Boost)  
  40  3:11  Gateway  
  40  3:12  Probe  
  41  3:16  Probe  
  42  3:23  Pylon  
  42  3:24  Probe  
  42  3:25  Adept  
  45  3:29  Probe  
  46  3:40  Oracle  
  49  3:47  Nexus  
  49  3:51  Probe x2  
  51  4:02  Pylon  
  51  4:03  Probe  
  51  4:04  Probe  
  51  4:06  Pylon  
  51  4:13  Adept  
  51  4:14  Adept  
  54  4:17  Probe (Chrono Boost)  
  54  4:20  Probe (Chrono Boost)  
  54  4:21  Assimilator  
  54  4:22  Assimilator  
  55  4:28  Oracle (Chrono Boost)  
  57  4:31  Probe (Chrono Boost)  
  57  4:33  Probe (Chrono Boost)  
  57  4:36  Probe (Chrono Boost)  
  57  4:37  Forge  
  61  4:40  Pylon, Probe  
  61  4:45  Adept  
  64  4:46  Probe  
  64  4:47  Stalker  
  67  4:53  Probe  
  67  4:56  Twilight Council  
  68  5:04  Probe (Chrono Boost)  
  63  5:11  Probe (Chrono Boost)  
  63  5:16  Probe (Chrono Boost)  
  63  5:17  Probe (Chrono Boost)  
  63  5:18  Adept x2  
  68  5:21  Probe (Chrono Boost)  
  68  5:22  Protoss Ground Weapons Level 1 (Chrono Boost)  
  68  5:23  Probe (Chrono Boost)  
  68  5:25  Probe (Chrono Boost)  
  68  5:26  Probe (Chrono Boost)  
  71  5:29  Robotics Facility  
  71  5:31  Probe  
  73  5:35  Probe  
  73  5:38  Probe  
  73  5:39  Stalker  
  73  5:40  Stalker  
  78  5:43  Probe  
  78  5:47  Probe  
  80  5:50  Probe  
  80  5:56  Probe (Chrono Boost)  
  79  5:58  Assimilator  
  79  6:01  Assimilator  
  79  6:02  Probe (Chrono Boost)  
  79  6:03  Probe (Chrono Boost), Stalker  
  79  6:04  Blink  
  83  6:07  Shield Battery, Stalker  
  87  6:13  Pylon, Probe x2 (Chrono Boost)  
  87  6:15  Probe (Chrono Boost)  
  87  6:17  Probe (Chrono Boost)  
  86  6:19  Probe  
  86  6:21  Observer  
  86  6:24  Probe  
  90  6:26  Robotics Bay  
  90  6:28  Robotics Facility, Probe  
  90  6:31  Probe  
  92  6:33  Pylon x2  
  92  6:43  Stalker x2  
  89  6:51  Gateway  
  89  6:52  Gateway  
  87  6:57  Probe  
  84  7:01  Probe  
  84  7:03  Warp Prism (Chrono Boost)  
  84  7:04  Probe  
  88  7:09  Probe  
  88  7:13  Probe  
  90  7:16  Probe  
  91  7:25  Colossus (Chrono Boost)  
  91  7:26  Protoss Ground Weapons Level 2 (Chrono Boost)  
  91  7:28  Colossus (Chrono Boost)  
  103  7:30  Stalker x2  
  107  7:37  Extended Thermal Lance  
  107  7:43  Gateway  
  107  7:44  Gateway  
  107  7:57  Gateway x2  
  100  8:00  Stalker  
  100  8:01  Stalker  
  100  8:04  Pylon  
  104  8:09  Colossus (Chrono Boost)  
  104  8:12  Colossus (Chrono Boost)  
  116  8:18  Pylon  
  116  8:19  Pylon  
  116  8:24  Stalker x4  
  124  8:28  Pylon  
  124  8:38  Pylon  
  124  8:40  Stalker  
  122  8:45  Photon Cannon  
  122  8:47  Stalker x4  
  121  8:57  Stalker x3  
  122  9:03  Stalker  
  120  9:27  Stalker x6  
  130  9:44  Pylon  
  130  9:52  Stalker x6  
  142  9:53  Stalker  
  118  10:15  Stalker x2  
  107  10:31  Stalker x3  
  85  10:55  Stalker x3  
  60  11:09  Stalker x5  
  66  11:31  Probe  
  59  11:35  Probe x2  
  61  11:40  Stalker x3  
  61  11:43  Probe (Chrono Boost)  
  66  11:50  Probe x2 (Chrono Boost)  
  68  11:56  Probe (Chrono Boost)  
  68  12:00  Probe (Chrono Boost)  
  68  12:05  Probe (Chrono Boost)  
  68  12:06  Probe x2  
  58  12:10  Stalker  
  58  12:11  Stalker x2  
  58  12:15  Adept  
  67  12:16  Adept  
  67  12:21  Adept  
  70  12:23  Probe  
  70  12:26  Probe  
  70  12:29  Zealot  
  71  12:34  Stalker  
  56  12:44  Stalker  
Show
View Real Time Build Order
Export as new Build Order

Bly Zerg - Winner!

Build Orders: Hatch First 

Get SALT Encoding   

  12  0:00  Drone  
  13  0:12  Overlord  
  13  0:16  Drone  
  14  0:31  Drone x2  
  16  0:49  Hatchery  
  15  0:51  Drone  
  15  0:54  Drone  
  17  0:57  Drone  
  18  1:09  Extractor  
  17  1:13  Spawning Pool  
  17  1:18  Drone  
  17  1:19  Drone  
  18  1:28  Drone  
  19  1:38  Drone  
  20  1:49  Overlord  
  20  2:01  Queen x2  
  20  2:02  Zergling x4  
  26  2:11  Drone  
  26  2:13  Drone, Metabolic Boost  
  28  2:25  Drone x2  
  30  2:35  Hatchery  
  29  2:45  Drone x2  
  29  2:49  Overlord  
  30  2:53  Queen  
  32  3:00  Drone  
  32  3:05  Queen  
  35  3:06  Overlord  
  35  3:17  Zergling x6  
  35  3:19  Drone x3  
  41  3:25  Overlord  
  41  3:26  Drone  
  42  3:36  Drone x3  
  42  3:37  Drone  
  46  3:46  Drone  
  46  3:47  Drone x5  
  52  3:52  Spore Crawler  
  47  4:11  Zergling x14  
  53  4:20  Drone x7  
  53  4:22  Spore Crawler  
  53  4:23  Spore Crawler  
  53  4:24  Lair  
  58  4:35  Overlord  
  58  4:38  Overlord  
  58  4:41  Roach Warren  
  57  4:46  Drone x5  
  57  4:50  Extractor x2  
  60  4:54  Drone x6  
  61  5:13  Zergling x14  
  65  5:24  Drone  
  65  5:25  Drone x7  
  65  5:26  Extractor, Evolution Chamber  
  65  5:28  Glial Reconstitution  
  71  5:30  Extractor  
  71  5:32  Hatchery  
  69  5:38  Zergling x8  
  69  5:41  Overlord x2  
  73  5:47  Overlord  
  73  5:49  Overlord  
  62  6:09  Zergling x16, Roach  
  70  6:20  Queen x3  
  70  6:25  Zerg Missile Weapons Level 1, Drone  
  76  6:26  Drone x4  
  76  6:27  Drone  
  76  6:29  Extractor, Spire  
  71  6:59  Drone x13  
  83  7:02  Overlord x2  
  81  7:12  Overseer  
  81  7:14  Roach x6  
  93  7:16  Hatchery  
  93  7:22  Roach  
  100  7:23  Roach x3  
  100  7:25  Spore Crawler  
  98  7:40  Mutalisk  
  98  7:41  Mutalisk x7  
  98  7:42  Zergling x6  
  98  7:43  Zergling x2  
  115  8:12  Roach x2, Overlord  
  119  8:13  Overlord x3  
  119  8:15  Overlord x3  
  119  8:16  Zerg Flyer Weapons Level 1  
  119  8:20  Overlord x2  
  119  8:24  Overseer  
  118  8:31  Drone x5  
  118  8:32  Extractor  
  122  8:44  Mutalisk x8  
  126  9:05  Roach x17  
  142  9:18  Zergling x20  
  152  9:25  Ravager  
  153  9:35  Zergling x24  
  153  9:36  Ravager x6  
  171  9:46  Roach x5  
  174  10:03  Roach x3  
  163  10:12  Roach x12  
  163  10:20  Roach x3  
  146  10:29  Roach x6  
  153  10:39  Roach x5  
  143  10:47  Roach x5  
  107  10:58  Roach x7  
  112  11:05  Roach x3  
  112  11:09  Zergling x4  
  118  11:14  Ravager x5  
  102  11:39  Roach  
  118  11:40  Roach x8  
  116  11:50  Zergling x2  
  115  11:54  Zergling x10, Roach  
  116  12:07  Zergling x2  
  116  12:08  Zergling x14  
  116  12:29  Roach  
  129  12:30  Roach x10  
Tags
 
Add a new tag
Caveats
  • Supply blocks, unpowered buildings, or Contaminate may cause inaccurate times.
  • Supply counts are checked every 10 seconds.